 Dungeon Crawl Stone Soup version 0.13.1-22-g086cdba (webtiles) character file.

6179 Kae the Martial Artist (level 10, -2/72 HPs)
             Began as a Black Draconian Transmuter on Jan 2, 2014.
             Was a Believer of Sif Muna.
             Slain by a komodo dragon (25 damage)
             ... on Level 9 of the Dungeon.
             The game lasted 00:26:19 (11987 turns).

Kae the Martial Artist (DrTm)                      Turns: 11987, Time: 00:26:19

HP  -2/72        AC  2     Str 13      XL: 10   Next: 47%
MP  12/15        EV 23     Int 16      God: Sif Muna [**....]
Gold 505         SH  0     Dex 23      Spells:  4 memorised,  2 levels left

Res.Fire  : . . .   See Invis. : .     - Unarmed
Res.Cold  : . . .   Warding    : .   (armour unavailable)
Life Prot.: + . .   Conserve   : .   (shield currently unavailable)
Res.Poison: x       Res.Corr.  : .   (helmet currently unavailable)
Res.Elec. : .       Clarity    : +   (cloak currently unavailable)
Sust.Abil.: . .     Spirit.Shd : .   K - melded +0 pair of gloves
Res.Mut.  : .       Stasis     : .   h - melded +1 pair of elf boots
Res.Rott. : .       Flight     : .   y - amulet of clarity
Saprovore : . . .                    w - ring "Poih" {rN+ Dex+4 Int+2}
                                     t - +3 ring of evasion

@: spider-form, non-regenerating, badly diseased, quick, somewhat resistant to
hostile enchantments, fairly stealthy
A: (breathe lightning), unfitting armour, (electricity resistance), AC +7
a: End Transformation, Channel Energy, Forget Spell, Renounce Religion


You were on level 9 of the Dungeon.
You worshipped Sif Muna.
Sif Muna was pleased with you.
You were hungry.
You were in spider-form.
You visited 2 branches of the dungeon, and saw 10 of its levels.

You collected 485 gold pieces.

Inventory:

Missiles
 b - 219 arrows
 u - 15 poisoned arrows
 G - 17 arrows of frost
Armour
 h - a +1 pair of elven boots (melded)
 K - a +0 pair of gloves (melded)
Magical devices
 z - a wand of confusion (23)
 E - a wand of fireball (4)
 N - a wand of lightning (9) {unknown}
Comestibles
 a - 5 bread rations
 c - 5 meat rations
 j - a snozzcumber
Scrolls
 g - 11 scrolls of teleportation
 k - 4 scrolls of magic mapping
 o - a scroll of blinking
 p - a scroll of recharging
 x - 3 scrolls of remove curse
 B - a scroll of identify
 C - 3 scrolls of fog
 D - a scroll of enchant armour
 F - 3 scrolls of amnesia
 J - a scroll of enchant weapon II
 L - a scroll of acquirement {unknown}
Jewellery
 f - an uncursed ring of poison resistance
 n - a +4 ring of intelligence
 q - an uncursed amulet of resist corrosion
 t - a +3 ring of evasion (left front leg)
 w - the ring "Poih" (right front leg) {rN+ Dex+4 Int+2}
   (You found it on level 6 of the Dungeon)

   [ring of positive energy]

   It affects your intelligence (+2).
   It affects your dexterity (+4).
 y - an amulet of clarity (around neck)
 I - an uncursed amulet of resist mutation
 O - an uncursed ring of ice {unknown}
Potions
 e - a potion of resistance {unknown}
 i - 3 potions of restore abilities
 l - 2 potions of curing
 m - 2 potions of brilliance
 r - 3 potions of poison
 v - a potion of invisibility {unknown}
 A - 2 potions of heal wounds
 H - a potion of strong poison {unknown}
 M - a potion of decay {unknown}
Books
 d - a book of Changes

   Spells                             Type                      Level
   *Beastly Appendage                 Transmutation                1
   *Sticks to Snakes                  Transmutation                2
   *Spider Form                       Transmutation/Poison         3
   Ice Form                           Ice/Transmutation            4
   *Blade Hands                       Transmutation                5
 s - a book of Geomancy

   Spells                             Type                      Level
   Sandblast                          Earth                        1
   Stoneskin                          Transmutation/Earth          2
   Passwall                           Transmutation/Earth          3
   Stone Arrow                        Conjuration/Earth            3
   Petrify                            Transmutation/Earth          4
   Lee's Rapid Deconstruction         Earth                        5


   Skills:
 - Level 1.1 Fighting
 - Level 1.7 Dodging
 * Level 12.8 Unarmed Combat
 - Level 2.0 Spellcasting
 + Level 9.4 Transmutations


You had 2 spell levels left.
You knew the following spells:

 Your Spells              Type           Power        Failure   Level  Hunger
a - Beastly Appendage     Trmt           ####..       3%          1    #......
b - Sticks to Snakes      Trmt           ####......   4%          2    ###....
c - Spider Form           Trmt/Pois      ###.......   28%         3    ####...
d - Blade Hands           Trmt           ####......   32%         5    ######.


Dungeon Overview and Level Annotations

Branches:
Dungeon (9/27)             Temple (1/1) D:5             Orc (0/4) D:7
   Lair (0/8) D:9

Altars:
Ashenzari
Cheibriados
Elyvilon
Fedhas
Kikubaaqudgha
Makhleb
Nemelex Xobeh
Okawaru
Sif Muna
Trog
Vehumet
Xom
Yredelemnul
Zin
the Shining One

Shops:
D:4 }

Annotations:
D:8 Joseph


Innate Abilities, Weirdness & Mutations

((You can breathe wild blasts of lightning.))*
((Your glossy black scales are hard (AC +7).))*
Your body does not fit into most forms of armour.
Your cold-blooded metabolism reacts poorly to cold.
((You are resistant to electric shocks.))*


Message History

The black bear skeleton claws the plant but does no damage.
The komodo dragon misses you.
Unknown command.
Unknown command.
You hit the komodo dragon.
The komodo dragon is poisoned.
The komodo dragon is lightly wounded.
The komodo dragon bites you!
* * * LOW HITPOINT WARNING * * *
You feel ill.
Unknown command.
The black bear skeleton completely misses the plant.
The black bear skeleton claws the plant but does no damage.
The black bear skeleton claws the plant.
The black bear skeleton bites the plant but does no damage.
The black bear skeleton claws the plant but does no damage.
Found 27 darts.
You bite the komodo dragon!
The komodo dragon looks even sicker.
The komodo dragon is heavily wounded.
The komodo dragon bites you!
You die...

............. (...
...######### #..# #..# #..#
#..# #..# #..# #..# #..#
#..#
...##############..########
...........................
................sl.......?#
..............####.%.###..#
............(.###....P##
..............##.....PP#
...............#...PPPP#
############.......PPPP#
############..#.P..PPPP#
...................PzPP#
.................PP...P#


You could see a komodo dragon.

Vanquished Creatures
  Pikel (D:7)
  Eustachio (D:7)
  The ghost of Kae the Insei, an average DrTm (D:3)
  3 orc warriors
  3 black bears
  2 phantoms
  2 slaves (D:7)
  7 ice beasts
  6 ogres
  The ghost of Kae the Insei, an average DrTm (D:4)
  2 giant goldfish (D:7)
  6 giant frogs
  2 centaurs
  3 killer bees (D:8)
  4 jellyfish (D:7)
  A hippogriff skeleton (D:3)
  3 electric eels (D:7)
  4 crimson imps
  A yellow wasp zombie (D:7)
  A goliath beetle (D:9)
  3 big fish (D:7)
  4 orc priests
  3 hounds
  An iron imp (D:7)
  A jelly (D:6)
  3 scorpions
  8 worker ants
  2 gnoll shamans (D:6)
  2 iguanas
  3 orc wizards
  A hound zombie (D:6)
  42 gnolls
  A green rat (D:7)
  14 adders
  An inept feature mimic (D:6)
  A white imp (D:7)
  3 giant mites
  A goliath beetle zombie (D:9)
  5 worms
  A grey rat (D:1)
  5 giant geckos
  21 orcs
  2 ball pythons
  4 giant cockroaches
  12 goblins
  17 hobgoblins
  28 jackals
  5 quokkas
  25 bats
  A giant gecko zombie (D:8)
  2 giant newts
  A gnoll skeleton (D:7)
  19 kobolds
  A kobold skeleton (D:5)
  A kobold zombie (D:7)
  17 rats
  A plant (D:7)
316 creatures vanquished.

Vanquished Creatures (others)
  2 slaves (D:7)
  2 jellyfish (D:7)
  A big fish (D:7)
  4 plants
9 creatures vanquished.

Grand Total: 325 creatures vanquished

Notes
Turn   | Place    | Note
--------------------------------------------------------------
     0 | D:1      | Kae, the Draconian Transmuter, began the quest for the Orb.
     0 | D:1      | Reached XP level 1. HP: 16/16 MP: 1/1
   343 | D:1      | Reached XP level 2. HP: 23/23 MP: 3/3
   896 | D:2      | Reached XP level 3. HP: 8/28 MP: 4/4
  1033 | D:2      | Reached skill level 4 in Unarmed Combat
  1536 | D:2      | Reached XP level 4. HP: 28/35 MP: 6/6
  1937 | D:3      | Noticed Kae's ghost (average DrTm)
  2150 | D:3      | Killed Kae's ghost
  2150 | D:3      | Reached skill level 5 in Unarmed Combat
  2150 | D:3      | Reached XP level 5. HP: 12/40 MP: 7/7
  2329 | D:3      | Reached XP level 6. HP: 30/47 MP: 9/9
  2642 | D:3      | Reached skill level 6 in Unarmed Combat
  3138 | D:4      | Found Pran's Gadget Boutique.
  3154 | D:4      | Learned a level 2 spell: Sticks to Snakes
  3158 | D:4      | Learned a level 3 spell: Spider Form
  3421 | D:4      | Your scales start taking on a glossy black colour.
  3421 | D:4      | Gained mutation: You are resistant to electric shocks. [draconian maturity]
  3421 | D:4      | Reached XP level 7. HP: 52/52 MP: 10/10
  3423 | D:4      | Noticed Kae's ghost (average DrTm)
  3442 | D:4      | Killed Kae's ghost
  3442 | D:4      | Reached skill level 7 in Unarmed Combat
  3629 | D:4      | Reached skill level 5 in Transmutations
  3935 | D:5      | Entered Level 5 of the Dungeon
  3937 | D:5      | Found a radiant altar of Vehumet.
  3939 | D:5      | Found a shimmering altar of Xom.
  3942 | D:5      | Found an iron altar of Okawaru.
  4135 | D:5      | Found a staircase to the Ecumenical Temple.
  4188 | Temple   | Entered the Ecumenical Temple
  4279 | Temple   | Became a worshipper of Sif Muna the Loreminder
  5106 | D:6      | Reached skill level 8 in Unarmed Combat
  5384 | D:6      | Reached XP level 8. HP: 51/60 MP: 12/12
  5666 | D:6      | Got a wavering wooden ring
  6205 | D:6      | Reached skill level 9 in Unarmed Combat
  6499 | D:6      | HP: 2/60 [gnoll/spear (5)]
  7687 | D:6      | Reached skill level 10 in Unarmed Combat
  7726 | D:7      | Found a staircase to the Orcish Mines.
  7734 | D:7      | Reached XP level 9. HP: 66/66 MP: 13/13
  7745 | D:7      | Acquired Sif Muna's first power
  7753 | D:7      | Learned a level 5 spell: Blade Hands
  7968 | D:7      | Noticed Eustachio
  7983 | D:7      | Killed Eustachio
  8276 | D:7      | Noticed Pikel
  8473 | D:7      | Killed Pikel
  8473 | D:7      | Reached skill level 11 in Unarmed Combat
  9341 | D:7      | Reached XP level 10. HP: 44/72 MP: 12/15
  9490 | D:7      | Reached skill level 12 in Unarmed Combat
 10254 | D:8      | Identified the ring "Poih" {rN+ Dex+4 Int+2} (You found it on level 6 of the Dungeon)
 10636 | D:8      | Noticed Joseph
 11292 | D:8      | Acquired Sif Muna's second power
 11964 | D:9      | Found a staircase to the Lair.
 11987 | D:9      | Slain by a komodo dragon

Action                   |  1- 3 |  4- 6 |  7- 9 | 10-12 || total
-------------------------+-------+-------+-------+-------++-------
Melee: Unarmed           |   161 |   308 |   585 |   299 ||  1353
 Cast: Beastly Appendage |     2 |    12 |    25 |    22 ||    61
       Spider Form       |       |       |     7 |     5 ||    12
 Abil: Breathe Lightning |       |       |     6 |     1 ||     7
Evoke: Wand              |       |       |     1 |     1 ||     2
  Use: Scroll            |       |    12 |    10 |     3 ||    25
       Potion            |       |     2 |     3 |     1 ||     6
 Stab: Sleeping          |     1 |     1 |     1 |     3 ||     6
